 Dungeon Crawl Stone Soup version bcrawl-1.21.2-28-g2cb1824106 (webtiles) character file.

Game seed: 15162631184393971898

65 MisterOstroum the Insei (level 4, 0/39 HPs)
             Began as an Avariel Transmuter on Mar 10, 2020.
             Killed from afar by an orc wizard (9 damage)
             ... with a puff of flame
             ... on level 3 of the Dungeon.
             The game lasted 00:03:13 (2510 turns).

MisterOstroum the Insei (Avariel Transmuter)        Turns: 2510, Time: 00:03:14

Health: 0/39       AC: 22    Str:  9    XL:     4   Next: 13%
Magic:  4/10       EV:  2    Int: 19    God:
Gold:   155        SH:  0    Dex: 13    Spells: 2/8 levels left

rFire    . . .     SeeInvis .     - Unarmed
rCold    + . .     Gourm    .   (no shield)
rNeg     + + +     Faith    .   (armour currently unavailable)
rPois    +         Spirit   .   (helmet currently unavailable)
rElec    .         Reflect  .   (cloak currently unavailable)
rCorr    .         Harm     .   (gloves currently unavailable)
MR       .....     NoTele   +   (boots currently unavailable)
Stlth    +.........             (no amulet)
HPRegen  0.13/turn              f - ring of protection from cold
MPRegen  0.12/turn              (no ring)

@: confused, swift, tree-form, quick
A: no striking features
a: no special abilities


You were on level 3 of the Dungeon.
You were hungry.
You were a tree.
You visited 1 branch of the dungeon, and saw 3 of its levels.

You collected 155 gold pieces.

Inventory:

Missiles
 a - 428 arrows
Armour
 b - a +0 robe (melded)
 m - a scarf of spirit shield (melded)
Jewellery
 f - a ring of protection from cold (left branch)
Scrolls
 c - 3 scrolls of identify {unknown}
 g - a scroll of blinking {unknown}
 h - a scroll of amnesia {unknown}
 i - a scroll of enchant weapon {unknown}
 j - a scroll of teleportation {unknown}
 o - a scroll of magic mapping {unknown}
 p - a scroll of remove curse {unknown}
Potions
 n - a potion of might {unknown}
Comestibles
 e - 3 rations {!d}
 l - 2 chunks of flesh


   Skills:
 + Level 1.6 Fighting
 - Level 2.1 Dodging
 + Level 3.1 Unarmed Combat
 - Level 2.6 Spellcasting
 * Level 2.9 Transmutations
 * Level 1.2 Poison Magic


You had 2 spell levels left.
You knew the following spells:

 Your Spells              Type           Power        Failure   Level  Hunger
a - Beastly Appendage     Tmut           ##....       4%          1    None
b - Sticks to Snakes      Tmut           ##......     7%          2    ##.....
c - Spider Form           Tmut/Pois      ##.          21%         3    ###....

Your spell library contained the following spells:

 Spells                   Type           Power        Failure   Level  Hunger
 Ice Form                 Ice/Tmut       #.......     65%         4    ####...
 Blade Hands              Tmut           ##........   78%         5    ######.


Dungeon Overview and Level Annotations

Branches:
Dungeon (3/12)

Altars:
Fedhas
Nemelex Xobeh


Message History

You hit the orc but do no damage. The orc hits you with a +0 dagger.
You closely miss the orc. The orc hits you with a +0 dagger.
You closely miss the orc. The orc misses you.
You hit the orc but do no damage. You headbutt the orc, but do no damage.
The orc hits you with a +0 dagger.
You barely miss the orc. The orc closely misses you.
You hit the orc but do no damage. The orc hits you with a +0 dagger.
You closely miss the orc.
Your transformation is almost over.
The orc hits you with a +0 dagger.
You hit the orc but do no damage. Your headbutt misses the orc.
The orc hits you with a +0 dagger.
You are too injured to fight recklessly!
You are too injured to fight recklessly!
You are feeling hungry.
You hit the orc but do no damage. The orc hits you with a +0 dagger.
You closely miss the orc. The orc hits you with a +0 dagger.
Press: ? - help, v - describe, . - travel
Here: an orc, wielding a +0 dagger and wearing a +0 ring mail The floor.
Unknown command.
An orc comes into view.
An orc comes into view. It is wielding a +0 trident.
The orc moves out of view.
An orc wizard comes into view. It is wielding a +0 falchion.
The orc wizard shouts!
The orc shouts! x2; You hear a shout!
The orc barely misses you.
An orc comes into view.
The orc shouts!
Your horns disappear.
A sky beast comes into view.
Casting: Beastly Appendage (safe; 4% risk of failure)
Confirm with . or Enter, or press ? or * to list all spells.
You turn into a venomous arachnid creature.
Your scarf of spirit shield melds into your body.
Your +0 robe melds into your body.
You feel strangely alone. The orc closely misses you.
You hit the orc but do no damage.
The orc is poisoned.
The orc closely misses you.
You hit the orc.
The orc looks more poisoned.
The orc is severely wounded.
You hit the orc but do no damage.
The orc is poisoned.
You kill the orc!
The orc barely misses you.
You bite the orc!
You kill the orc!
The orc barely misses you.
The orc hits you from afar with a +0 trident.
* * * LOW HITPOINT WARNING * * *
Things that are here:
a +0 dagger; a +0 ring mail; an orc corpse Unknown command.
The orc barely misses you.
You see here a ration {!d}.
Found a ration and a robe.
Your transformation is almost over.
You feel a bit more experienced.
You aren't carrying any items that you can evoke.
Unknown command.
It was a potion of flight.
You feel very buoyant.
You swoop lightly up into the air.
A kobold comes into view.
You closely miss the orc wizard. The orc wizard completely misses you.
You hit the orc wizard but do no damage.
The orc wizard is poisoned.
The kobold shouts!
The orc misses you. The orc wizard casts a spell at you.
You are confused.
Unknown command.
Unknown command.
Really quaff the potion of lignification?
Your transformation has ended.
Your scarf of spirit shield unmelds from your body.
Your +0 robe unmelds from your body.
You feel spirits watching over you.
You turn into a tree.
Your scarf of spirit shield melds into your body.
Your +0 robe melds into your body.
You feel strangely alone.
Your roots penetrate the ground.
The orc hits you but does no damage.
You cannot move. (Use ctrl+direction or * direction to attack without moving.)
You cannot move. (Use ctrl+direction or * direction to attack without moving.)
You cannot move. (Use ctrl+direction or * direction to attack without moving.)
You cannot move. (Use ctrl+direction or * direction to attack without moving.) Unknown command.
You cannot move. (Use ctrl+direction or * direction to attack without moving.)
You cannot move. (Use ctrl+direction or * direction to attack without moving.)
You miss the orc wizard. You punch the orc wizard.
The orc wizard is lightly wounded.
An orc comes into view.
A worm comes into view.
The orc wizard hits you but does no damage.
The orc hits you but does no damage.
You closely miss the orc wizard.
The orc wizard is moderately wounded.
The orc shouts!
You hear a shout!
You closely miss the orc wizard.
The orc wizard is moderately wounded.
The orc wizard points at you and mumbles some strange words.
The puff of flame hits you!
You die...

..... .ow. ... ..[
# #K# .# ##
#.##.#...
#.###.#......
#....♣o...... #
#####.#......
#.#.############o#
.#...
....)<....Yooo..Y#
# #
..#........%######
#.###.###)# #. #.#
#Y# # ..# #.# #..#
#..


You could see a sky beast, a worm, an orc wizard, 2 orcs and a kobold.

Vanquished Creatures
  2 oozes
  A leopard gecko (D:1)
  4 orcs (D:3)
  3 giant cockroaches
  11 hobgoblins
  5 jackals (D:1)
  7 kobolds
  A quokka (D:1)
  2 bats
  2 frilled lizards
  2 goblins (D:1)
  5 rats
45 creatures vanquished.

Notes
Turn   | Place    | Note
-------+----------+-------------------------------------------
     0 | D:1      | MisterOstroum the Avariel Transmuter began the quest for
                  | the Orb.
     0 | D:1      | Reached XP level 1. HP: 11/11 MP: 6/6
    34 | D:1      | Reached skill level 1 in Fighting
    76 | D:1      | Reached XP level 2. HP: 2/16 MP: 7/7
   365 | D:1      | Learned a level 2 spell: Sticks to Snakes
   963 | D:1      | Reached skill level 3 in Unarmed Combat
   963 | D:1      | Reached XP level 3. HP: 16/20 MP: 9/9
  1122 | D:1      | Learned a level 3 spell: Spider Form
  1950 | D:2      | Found a blossoming altar of Fedhas.
  2038 | D:2      | Reached skill level 1 in Poison Magic
  2268 | D:2      | Found a sparkling altar of Nemelex Xobeh.
  2471 | D:3      | Reached XP level 4. HP: 25/25 MP: 8/10
  2488 | D:3      | Noticed a sky beast
  2510 | D:3      | Killed from afar by an orc wizard

Skill      XL: |  1  2  3 |
---------------+----------+-----
Fighting       | 1 |  1.6
Transmutations | 2 |  2.9
Unarmed Combat | 3 |  3.1
Poison Magic   | 1 |  1.2
Dodging        | |  2.1
Spellcasting   | |  2.6

Action                   |  1- 3 |  4- 6 || total
-------------------------+-------+-------++-------
Melee: Unarmed           |   170 |    19 ||   189
       Kick              |    15 |       ||    15
       Headbutt          |     9 |     1 ||    10
       Punch             |     2 |     1 ||     3
 Cast: Beastly Appendage |    22 |       ||    22
       Spider Form       |     3 |     1 ||     4
  Use: Potion            |       |     2 ||     2
  Eat: Chunk             |     5 |       ||     5
Armor: Robe              |    21 |       ||    21
       Skin              |     4 |     3 ||     7
Dodge: Dodged            |   140 |    10 ||   150
